 Dungeon Crawl Stone Soup version 0.31.0-7-gf635a9b802 (webtiles) character file.

Game seed: 3620269256183195391

197 Warped the Ruffian (level 5, 0/27 HPs)
             Began as a Vine Stalker Fighter on Jan 24, 2024.
             Was a Follower of Cheibriados.
             Slain by Edmund
             ... wielding a +2 heavy dire flail
              (18 damage)
             ... on level 4 of the Dungeon.
             The game lasted 00:02:38 (2312 turns).

Warped the Ruffian (Vine Stalker Fighter)           Turns: 2312, Time: 00:02:41

Health: 0/27       AC:  7    Str: 22    XL:     5   Next: 75%
Magic:  0/6        EV:  9    Int: 10    God:    Cheibriados [*.....]
Gold:   119        SH:  5    Dex: 16    Spells: 4/4 levels left

rFire   . .          .
                       - Unarmed
rCold   . . .        b - +0 buckler
rNeg    . . .        a - +0 scale mail
rPois   .            (no helmet)
rElec   .            (no cloak)
rCorr   +            (no gloves)
SInv    .            o - +0 pair of boots
Will    .....        (no amulet) Stlth
                     m - ring of resist corrosion
HPRegen 1.04/turn    (no ring)
MPRegen 0.10/turn

%: guardian spirit
@: very slow
A: fangs 2, regeneration 1, magic shield, antimagic bite, no potion heal 2
a: Renounce Religion, Bend Time


You were on level 4 of the Dungeon.
You worshipped Cheibriados.
Cheibriados was aware of your devotion.
You visited 1 branch of the dungeon, and saw 4 of its levels.

You collected 119 gold pieces.

Inventory:

Hand Weapons
 j - a +0 spear
Missiles
 d - 16 poisoned darts (quivered)
 k - 40 stones
Armour
 a - a +0 scale mail (worn)
 b - a +0 buckler (worn)
 o - a +0 pair of boots (worn)
Jewellery
 g - a ring of ice
 m - a ring of resist corrosion (left hand)
Scrolls
 e - 3 scrolls of vulnerability
 f - a scroll of enchant armour {unknown}
 i - a scroll of revelation
 n - 7 scrolls of identify {unknown}
 s - a scroll of fear {unknown}
Potions
 c - 2 potions of might
 h - a potion of curing {unknown}
 l - a potion of resistance {unknown}
 p - a potion of haste {unknown}
 q - a potion of heal wounds {unknown}
 r - a potion of magic {unknown}


   Skills:
 - Level 2.6 Fighting
 - Level 2.4 Armour
 - Level 2.6 Shields
 + Level 5.8 Unarmed Combat


You had 4 spell levels left.
You didn't know any spells.
Your spell library was empty.

Dungeon Overview and Level Annotations

Branches:
Dungeon (4/15)             Temple (0/1) D:4

Altars:
Cheibriados
Elyvilon
Wu Jian

Shops:
D:1 *

Annotations:
D:4 Edmund


Innate Abilities, Weirdness & Mutations

You have extremely sharp teeth.
Your natural rate of healing is unusually fast.
When hurt, damage is shared between your health and your magic reserves.
Your bite disrupts and absorbs the magic of your enemies.
Potions cannot restore your health.


Message History

The liquid fire burns you!
You see here a +0 ring mail.
You shake off the liquid fire.
There is a stone staircase leading up here.
HP restored.
Magic restored.
You see here a +0 dagger.
Edmund the Younger comes into view.
He is wielding a +2 heavy dire flail.
Found a staircase to the Ecumenical Temple.
Edmund shouts!
Found a stone staircase leading down.
Edmund says, "A flail is better than a scythe, any day of the week!"
Edmund is nearby!
You barely miss Edmund. Edmund barely misses you.
You hit Edmund but do no damage. You bite Edmund. You drain his power.
Edmund is lightly wounded.
Edmund misses you.
You hit Edmund but do no damage. Your bite misses Edmund.
Edmund is lightly wounded.
You hit Edmund. You bite Edmund, but do no damage.
Edmund is lightly wounded.
Edmund hits you with a +2 heavy dire flail!
You hit Edmund but do no damage. You bite Edmund! You drain his power.
You feel invigorated.
Edmund is moderately wounded.
You closely miss Edmund.
Edmund is moderately wounded.
Edmund hits you with a +2 heavy dire flail.
You hit Edmund.
Edmund is moderately wounded.
Edmund hits you with a +2 heavy dire flail.
You hit Edmund. Your bite misses Edmund.
Edmund is moderately wounded.
You hit Edmund.
Edmund is moderately wounded.
Edmund gestures with his flail.
Edmund hits you with a +2 heavy dire flail!!
Ouch! That really hurt!
You die...
Edmund says, "That'll show my brother!"

# ###.# ####.8.####
##..@@.....# ##.
#..#8.>.8... #...
#.##........ ....
###.###.8.#.>.
#....##.#.###......#
#...#..............
#.................
#.##..##...##.....
#.)#....##


You could see Edmund.

Vanquished Creatures
  A bombardier beetle (D:4)
  A hound (D:3)
  An iguana (D:4)
  3 adders (D:3)
  A ribbon worm (D:2)
  3 orcs (D:3)
  4 endoplasms
  3 giant cockroaches
  8 hobgoblins
  4 jackals (D:2)
  6 quokkas
  7 ball pythons
  4 bats
  7 frilled lizards
  6 goblins
  11 kobolds
  A spectral hobgoblin (D:1)
71 creatures vanquished.

Notes
Turn   | Place    | Note
-------+----------+-------------------------------------------
     0 | D:1      | Warped the Vine Stalker Fighter began the quest for the
                  | Orb.
     0 | D:1      | Reached XP level 1. HP: 11/11 MP: 2/2
   260 | D:1      | Reached XP level 2. HP: 16/16 MP: 3/3
   495 | D:1      | Found Oqiocu's Assorted Antiques.
   517 | D:1      | Reached skill level 3 in Unarmed Combat
   620 | D:1      | Reached XP level 3. HP: 19/19 MP: 4/4
   628 | D:1      | Found a faded altar of an unknown god.
   939 | D:2      | You fall into a shaft and drop 1 floor!
  1361 | D:2      | Reached skill level 4 in Unarmed Combat
  1704 | D:3      | Reached XP level 4. HP: 23/23 MP: 3/5
  1893 | D:3      | Found a snail-covered altar of Cheibriados.
  1906 | D:3      | Became a worshipper of Cheibriados the Contemplative
  1989 | D:3      | Reached skill level 5 in Unarmed Combat
  1989 | D:3      | Reached XP level 5. HP: 26/27 MP: 3/6
  2108 | D:3      | Found an ornate altar of the Wu Jian Council.
  2111 | D:3      | Found a white marble altar of Elyvilon.
  2236 | D:4      | Reached * piety under Cheibriados
  2301 | D:4      | Found a staircase to the Ecumenical Temple.
  2301 | D:4      | Noticed Edmund
  2312 | D:4      | Slain by Edmund

Illustrated notes

Levels and vault maps discovered:
D:1:      heliophobic_arrival_dark_side_of_the_moon, layout_basic, serial_shops,
          shop, dreamdust_ecumenical_altar_drowned_temple
D:2:      layout_loops_cross
D:3:      layout_loops_ring, nicolae_overflow_hidden_temple,
          mainiacjoe_overflow_six_doors_small, minmay_three_crescents
D:4:      layout_cave_pools, minmay_temple_entry_statues_pillars, uniq_duvessa,
          uniq_edmund

Skill      XL: |  1  2  3  4 |
---------------+-------------+-----
Unarmed Combat | 3 4 5 |  5.8
Fighting       | |  2.6
Armour         | |  2.4
Shields        | |  2.6

Action                     |  1- 3 |  4- 6 || total
---------------------------+-------+-------++-------
  Melee: Unarmed           |   171 |    75 ||   246
         Bite              |    34 |    20 ||    54
    Use: Scroll            |     3 |       ||     3
 Armour: Scale mail        |   112 |    43 ||   155
  Dodge: Dodged            |    69 |    25 ||    94
  Block: Buckler           |    39 |    13 ||    52
